 Dungeon Crawl Stone Soup version 0.28-a0-2-g643f2454ad (webtiles) character file.

Game seed: 1264308654828484661

91 Spectrina the Sneak (level 4, -9/35 HPs)
             Began as a Djinni Delver on July 23, 2021.
             Shot with an arrow by a centaur (12 damage)
             ... on level 5 of the Dungeon.
             The game lasted 00:07:02 (970 turns).

Spectrina the Sneak (Djinni Delver)                  Turns: 970, Time: 00:07:03

Health: -9/35      AC:  3    Str: 11    XL:     4   Next: 87%
Gold:   84         EV: 12    Int: 13    God:
                   SH:  0    Dex: 14

rFire   + + .      SeeInvis .     - Unarmed
rCold   x . .      Faith    .   (no shield)
rNeg    . . .      Spirit   .   a - +0 leather armour
rPois   ∞          Reflect  .   (no helmet)
rElec   .          Harm     .   (no cloak)
rCorr   .          Rampage  .   (no gloves)
Will    .....                   (boots unavailable)
Stlth   ++........              (no amulet)
HPRegen 0.11/turn               (no ring)
MPRegen 0.00/turn               (no ring)

@: flying
A: sickness immunity, fire resistance 2, cold vulnerability 1, float, innate
caster, hp casting, extra vitality 1
a: no special abilities


You were on level 5 of the Dungeon.
You visited 1 branch of the dungeon, and saw 4 of its levels.

You collected 84 gold pieces.

Inventory:

Hand Weapons
 t - a +0 longbow
Missiles
 h - 13 poisoned darts (quivered)
 i - 19 bolts
 p - 84 stones
Armour
 a - a +0 leather armour (worn)
Wands
 f - a wand of digging (3)
Scrolls
 b - a scroll of fog
 c - a scroll of magic mapping
 d - a scroll of fear
 g - a scroll of holy word {unknown}
 m - a scroll of teleportation {unknown}
 q - a scroll of enchant weapon {unknown}
 r - a scroll of noise {unknown}
 s - a scroll of acquirement {unknown}
Potions
 e - 3 potions of haste
 j - 2 potions of curing {unknown}
 k - a potion of flight {unknown}
 l - 2 potions of ambrosia {unknown}
 n - a potion of resistance {unknown}
 o - a potion of magic {unknown}


   Skills:
 - Level 3.0 Fighting
 - Level 2.1 Dodging
 - Level 4.1 Stealth
 - Level 2.0 Unarmed Combat
 + Level 3.0 Spellcasting


You had 8 spell levels left.
You knew the following spells:

 Your Spells              Type           Power      Damage    Failure   Level
x - Apportation           Tloc           18%        N/A       9%          1
Your spell library was empty.

Dungeon Overview and Level Annotations

Branches:
Dungeon (5/15)
 Temple: D:4-7

Altars:
Cheibriados
Trog

Shops:
D:3 :   D:4 ?


Innate Abilities, Weirdness & Mutations

You are immune to sickness and miasma.
You are immune to poison.
Your flesh is very heat resistant. (rF++)
You are vulnerable to cold. (rC-)
You float through the air rather than walking.
You learn spells naturally, not from books.
Your magical power is your life essence.
You have superior vitality. (+4 HP)


Message History

Found a longbow, a coppery potion and 18 stones.
There is a stone staircase leading up here.
Unknown command.
Found 15 gold pieces.
You see here a +0 longbow.
Unknown command.
t - a +0 longbow The adder hisses angrily.
The adder bites you.
You see here a coppery potion.
You barely miss the adder. The adder barely misses you.
You miss the adder. The adder misses you.
You barely miss the adder. The adder bites you.
You barely miss the adder. The adder barely misses you.
The adder bites you but does no damage.
You hit the adder.
The adder is heavily wounded.
The adder barely misses you.
You miss the adder.
The adder is heavily wounded.
The adder bites you but does no damage.
You hit the adder.
The adder is almost dead.
The adder bites you.
You hit the adder.
You kill the adder!
Your Spellcasting skill increases to level 3!
j - 2 coppery potions (gained 1)
p - 84 stones (gained 18)
A centaur comes into view.
Found a leather armour.
The centaur shouts!
The centaur wields a +0 shortbow.
The centaur shoots an arrow.
The arrow hits you.
Okay, then.
Okay, then.
The centaur shoots an arrow.
The arrow hits you!
* * * LOW HITPOINT WARNING * * *
The centaur shoots an arrow.
The arrow hits you!
You die...

..[ ... # #.#
## #...c..
.#.#. .....
#.##.##
###@##...
#...##..### ##
#.####.... ..
#.# #...##.###
#.# #......$Z.
#.#####..#
#.#.<....# ##
#.#.....###....
#.#............


You could see a centaur.

Vanquished Creatures
  A centaur skeleton (D:2)
  A hound skeleton (D:4)
  2 adders
  An adder skeleton (D:4)
  A worm (D:3)
  2 dart slugs (D:3)
  3 ball pythons
  2 endoplasms
  A giant cockroach (D:2)
  A goblin (D:4)
  A hobgoblin (D:3)
  4 jackals (D:3)
  2 bats (D:3)
  2 frilled lizards
  2 rats
26 creatures vanquished.

Notes
Turn   | Place    | Note
-------+----------+-------------------------------------------
     0 | D:5      | Spectrina the Djinni Delver began the quest for the Orb.
     0 | D:5      | Reached XP level 1. HP: 20/20 MP: 0/0
    51 | D:5      | Noticed a sky beast
    73 | D:5      | Noticed an ogre
    76 | D:5      | Noticed a jelly
    95 | D:5      | Noticed an iguana
   104 | D:5      | Noticed a jelly
   111 | D:5      | Noticed an iguana
   120 | D:4      | Noticed an ogre
   136 | D:4      | Reached skill level 1 in Spellcasting
   136 | D:4      | Reached XP level 2. HP: 15/25 MP: 0/0
   171 | D:4      | Found a bloodstained altar of Trog.
   324 | D:2      | Noticed a scorpion
   361 | D:2      | Reached XP level 3. HP: 25/30 MP: 0/0
   361 | D:2      | Learned a level 1 spell: Apportation
   426 | D:3      | Reached XP level 4. HP: 22/35 MP: 0/0
   716 | D:4      | Found a snail-covered altar of Cheibriados.
   753 | D:4      | Found Zuinonio's Magic Scroll Shoppe.
   839 | D:3      | Found Erodai's Book Shop.
   968 | D:5      | Noticed a centaur
   970 | D:5      | Shot with an arrow by a centaur

Illustrated notes

Levels and vault maps discovered:
D:2:      layout_loops_corners
D:3:      layout_basic, serial_shops, shop
D:4:      layout_loops_corners, overflow_temple_1_default, old_standard_altar,
          serial_shops, nicolae_shop_trees
D:5:      layout_loops_ring, moated_statue

Skill      XL: |  1  2  3  4 |
---------------+-------------+-----
Spellcasting   | 1 2 3 |  3.0
Fighting       | |  3.0
Dodging        | |  2.1
Stealth        | |  4.1
Unarmed Combat | |  2.0

Action                   |  1- 3 |  4- 6 || total
-------------------------+-------+-------++-------
Melee: Unarmed           |    58 |    72 ||   130
       Punch             |       |     1 ||     1
 Stab: Sleeping          |     2 |     3 ||     5
Armor: Leather armour    |    23 |    24 ||    47
Dodge: Dodged            |    42 |    37 ||    79

Table legend: (Time is in decaauts)
 A = Elapsed time spent in this place.
 B = Non-inter-level travel time spent in this place.
 C = Inter-level travel time spent in this place.
 D = Time resting spent in this place.
 E = Time spent auto-exploring this place.
 F = Levels seen in this place.
 G = Mean time per level.
                   A        B        C        D        E       F      G
               +--------+--------+--------+--------+--------+-----+--------+
         Total |    967 |    946 |     21 |      0 |      0 |   4 |  241.8 |
       Dungeon |    967 |    946 |     21 |      0 |      0 |   4 |  241.8 |
               +--------+--------+--------+--------+--------+-----+--------+

Top non-repeatable levels by time:
     D:3: 355 daAuts
     D:4: 332 daAuts
     D:5: 155 daAuts
     D:2: 124 daAuts
